 Dungeon Crawl Stone Soup version 0.30.1 (webtiles) character file.

Game seed: 13148671794951704772

210 DemonSlayer the Digger (level 5, -1/36 HPs)
             Began as a Demonspawn Earth Elementalist on July 1, 2023.
             Slain by a scorpion (6 damage)
             ... on level 4 of the Dungeon.
             The game lasted 00:05:30 (3375 turns).

DemonSlayer the Digger (DsEE)                       Turns: 3375, Time: 00:05:31

Health: -1/36      AC:  3    Str:  9    XL:     5   Next: 56%
Magic:  13/19      EV: 12    Int: 16    God:
Gold:   246        SH:  0    Dex: 15    Spells: 5/11 levels left

rFire   + . .        t - +1 dagger (speed)
rCold   + . .        (no shield)
rNeg    . . .        a - +0 robe
rPois   .            (no helmet)
rElec   .            l - scarf {rC+ rF+}
rCorr   .            (no gloves)
SInv    .            e - +0 pair of boots
Will    .....        (no amulet)
Stlth   ++           o - ring of magical power
HPRegen 0.26/turn    (no ring)
MPRegen 0.16/turn

%: no passive effects
@: lethally poisoned (-1 -> -6)
A: claws 1, demonic guardian 1
a: no special abilities


You were on level 4 of the Dungeon.
You visited 1 branch of the dungeon, and saw 4 of its levels.

You collected 246 gold pieces.

Inventory:

Hand Weapons
 t - a +1 dagger of speed (weapon)
Armour
 a - a +0 robe (worn)
 e - a +0 pair of boots (worn)
 l - a scarf of resistance (worn)
Jewellery
 o - a ring of magical power (left claw)
Scrolls
 d - a scroll of silence {unknown}
 f - 2 scrolls of poison {unknown}
 h - 2 scrolls of butterflies {unknown}
 i - 2 scrolls of enchant armour {unknown}
 j - 2 scrolls of noise {unknown}
 k - 3 scrolls of identify {unknown}
 m - a scroll of torment {unknown}
 n - 3 scrolls of teleportation {unknown}
 p - a scroll of enchant weapon {unknown}
 s - a scroll of fog {unknown}
Potions
 b - 2 potions of magic
 c - 2 potions of mutation {unknown}
 g - 3 potions of lignification {unknown}
 q - a potion of attraction {unknown}
 r - a potion of flight {unknown}


   Skills:
 + Level 0.4 Fighting
 + Level 0.3 Short Blades
 + Level 2.0 Dodging
 + Level 2.1 Stealth
 + Level 3.6 Spellcasting
 + Level 1.0 Transmutations
 + Level 4.4 Earth Magic


You had 5 spell levels left.
You knew the following spells:

 Your Spells              Type           Power      Damage    Failure   Level
a - Sandblast             Erth           34%        2d9       2%          1
b - Stone Arrow           Conj/Erth      20%        3d8       22%         3
c - Passwall              Tmut/Erth      9%         N/A       9%          2

Your spell library contained the following spells:

 Spells                   Type           Power      Damage    Failure   Level
 Vhi's Electric Charge    Tloc/Air       4%         N/A       47%         3
 Petrify                  Tmut/Erth      11%        N/A       50%         4
 Summon Ice Beast         Ice/Summ       2%         N/A       87%         4
 Arcjolt                  Conj/Air       1%         1d11      99%         5
 Freezing Cloud           Conj/Ice/Air   1%         6-21      99%         5
 Maxwell's Capacitive Co  Air            1%         ∞         100%        8


Dungeon Overview and Level Annotations

Branches:
Dungeon (4/15)
 Temple: D:4-7

Altars:
Hepliaklqana
Kikubaaqudgha
Makhleb
Qazlal
Ru
Wu Jian
Xom

Shops:
D:4 :

Annotations:
D:4 2 transporters, erynZofia's ghost, novice GrHu


Innate Abilities, Weirdness & Mutations

You have sharp fingernails.
A weak demonic guardian rushes to your aid.


Message History

The scorpion stings you.
You are poisoned.
The scorpion poisons you! The scorpion barely misses you.
The blast of sand hits the scorpion.
The scorpion is moderately wounded.
You feel very sick. The scorpion stings you.
You are more poisoned.
The scorpion poisons you!
The scorpion stings you but does no damage.
The blast of sand hits the scorpion but does no damage.
The scorpion is moderately wounded.
You feel very sick. The scorpion stings you. The scorpion closely misses you.
You are too injured to fight recklessly!
You are too injured to fight recklessly!
You are too injured to fight recklessly!
You are too injured to fight recklessly!
Casting: Sandblast (safe; 2% risk of failure)
Confirm with . or Enter, or press ? or * to list all spells.
Aiming: Sandblast (safe; 2% risk of failure)
Press: ? - help, Shift-Dir - straight line, f/p - scorpion
Aim: a scorpion (moderately wounded, 82% to hit)
The blast of sand hits the scorpion.
The scorpion is heavily wounded.
You feel very sick. The scorpion closely misses you. The scorpion stings you.
* * * LOW HITPOINT WARNING * * *
Unknown command.
Casting: Sandblast (safe; 2% risk of failure)
Confirm with . or Enter, or press ? or * to list all spells.
Aiming: Sandblast (safe; 2% risk of failure)
Press: ? - help, Shift-Dir - straight line, f/p - scorpion
Aim: a scorpion (heavily wounded, 82% to hit)
The blast of sand hits the scorpion but does no damage.
The scorpion is heavily wounded.
* * * LOW HITPOINT WARNING * * *
You feel very sick. The scorpion stings you.
You die...

(# #©.=!#©...# .#
...#.5#..#.# .##
#.....##.#.#
..#...#.#. #.#.#
..#...#.#.
#.#.#########
..#©... .
##............
..###.. #
#......######
....#####...####.#
..........## #.@#
##.###....#.....s..#
...................#
##.####...#.###....#
##.### .. .....#
#..... . .##..##
...... . .... #.....
# .... #...##.


You could see a scorpion.

Vanquished Creatures
  2 hounds (D:4)
  An iguana (D:4)
  Robin (D:2)
  4 adders
  2 dart slugs
  9 ball pythons
  5 endoplasms
  2 giant cockroaches
  10 goblins
  9 hobgoblins
  4 jackals (D:2)
  2 quokkas (D:1)
  4 bats
  5 frilled lizards
  6 kobolds
  3 rats
69 creatures vanquished.

Vanquished Creatures (collateral kills)
  A goblin (D:3)
1 creature vanquished.

Grand Total: 70 creatures vanquished

Notes
Turn   | Place    | Note
-------+----------+-------------------------------------------
     0 | D:1      | DemonSlayer the Demonspawn Earth Elementalist began the
                  | quest for the Orb.
     0 | D:1      | Reached XP level 1. HP: 13/13 MP: 3/3
    95 | D:1      | Reached skill level 3 in Earth Magic
   130 | D:1      | Reached skill level 1 in Transmutations
   131 | D:1      | Gained mutation: A weak demonic guardian rushes to your
                  | aid. [demonic ancestry]
   131 | D:1      | Reached XP level 2. HP: 19/19 MP: 0/5
   917 | D:2      | Reached XP level 3. HP: 24/24 MP: 2/6
  1011 | D:2      | Got the Octavo of the Allied Sky
  1156 | D:2      | Found a faded altar of an unknown god.
  1181 | D:2      | Found a sacrificial altar of Ru.
  1819 | D:2      | Learned a level 3 spell: Stone Arrow
  1822 | D:2      | Learned a level 2 spell: Passwall
  1951 | D:3      | Noticed Robin
  2078 | D:2      | Killed Robin
  2079 | D:2      | Reached XP level 4. HP: 24/30 MP: 8/8
  2614 | D:3      | Found an ornate altar of the Wu Jian Council.
  2750 | D:4      | Reached skill level 4 in Earth Magic
  2775 | D:4      | Gained mutation: You have sharp fingernails. [demonic
                  | ancestry]
  2775 | D:4      | Reached XP level 5. HP: 28/35 MP: 9/9
  2936 | D:4      | Found a burning altar of Makhleb.
  3126 | D:4      | Found an ancient bone altar of Kikubaaqudgha.
  3126 | D:4      | Found a stormy altar of Qazlal.
  3176 | D:4      | Found a hazy altar of Hepliaklqana.
  3177 | D:4      | Found a shimmering altar of Xom.
  3178 | D:4      | Noticed a hell beast
  3178 | D:4      | Noticed a spectral ugly thing
  3197 | D:4      | Found a transporter.
  3318 | D:4      | Found Roes's Tiny Tomes.
  3352 | D:4      | Found a transporter.
  3357 | D:4      | Noticed erynZofia's ghost (novice GrHu)
  3375 | D:4      | Slain by a scorpion

Illustrated notes

Levels and vault maps discovered:
D:1:      lemuel_arrival_tunnels, layout_basic
D:2:      layout_loops_ring, basic_altar,
          hellmonk_ecumenical_altar_slurped_away,
          chequers_serial_rivers_small_b, kennysheep_generic_room_9
D:3:      layout_basic, gammafunk_temple_overflow_elements, uniq_robin
D:4:      layout_basic, makhleb_blood_cavern_becter,
          regret_index_temple_of_mockery, gammafunk_temple_overflow_pools,
          gammafunk_ghost_stat_death, nicolae_shop_i_like_small_books_too

Skill      XL: |  1  2  3  4 |
---------------+-------------+-----
Earth Magic    | 3 4 |  4.4
Transmutations | 1 |  1.0
Stealth        | 2 |  2.1
Spellcasting   | 3 |  3.6
Dodging        | 2 |  2.0
Fighting       | |  0.4
Short Blades   | |  0.3

Action                     |  1- 3 |  4- 6 || total
---------------------------+-------+-------++-------
  Melee: Unarmed           |     1 |       ||     1
         Dagger            |     8 |     3 ||    11
   Cast: Sandblast         |    67 |    49 ||   116
   Stab: Sleeping          |       |     1 ||     1
 Armour: Robe              |    12 |    12 ||    24
  Dodge: Dodged            |    30 |    28 ||    58
